 Dungeon Crawl Stone Soup version 0.31.0-11-ge490571c62 (webtiles) character file.

Game seed: 5634944941042226180

3116 Ijustatesigmund the Geomancer (level 9, 0/52 HPs)
             Began as a Gargoyle Earth Elementalist on Feb 8, 2024.
             Was a Follower of Vehumet.
             Slain by Peloso's ghost (12 damage)
             ... on level 8 of the Dungeon.
             The game lasted 00:19:25 (9859 turns).

Ijustatesigmund the Geomancer (GrEE)                Turns: 9859, Time: 00:19:25

Health: 0/52       AC: 11    Str: 13    XL:     9   Next: 91%
Magic:  27/27      EV: 11    Int: 19    God:    Vehumet [*.....]
Gold:   1210       SH:  0    Dex: 10    Spells: 17/21 levels left

rFire   + . .        s - +2 flail (holy)
rCold   . . .        (no shield)
rNeg    + + .        a - +0 robe
rPois   ∞            (no helmet)
rElec   +            o - +0 cloak
rCorr   .            H - +0 pair of gloves
SInv    .            l - +0 pair of boots "Coggo" {rF+ rN+}
Will    .....        (no amulet)
Stlth   +            m - +4 ring of slaying
HPRegen 0.28/turn    G - ring of magical power
MPRegen 0.20/turn

%: no passive effects
@: confused, mighty, ambrosia-drunk, invisible
A: sickness immunity, AC +6, negative energy resistance 1, electricity
resistance, torment resistance 1, petrification resistance
a: Renounce Religion


You were on level 8 of the Dungeon.
You worshipped Vehumet.
Vehumet was aware of your devotion.
You visited 1 branch of the dungeon, and saw 8 of its levels.

You collected 1437 gold pieces.
You spent 227 gold pieces at shops.

Inventory:

Hand Weapons
 e - a +1 flail of protection
 s - a +2 flail of holy wrath (weapon)
Armour
 a - a +0 robe (worn)
 l - the +0 pair of boots "Coggo" (worn) {rF+ rN+}
   (You acquired it on level 3 of the Dungeon)

   rF+:       It protects you from fire.
   rN+:       It protects you from negative energy.
 o - a +0 cloak (worn)
 H - a +0 pair of gloves (worn)
Jewellery
 m - a +4 ring of slaying (left hand)
 A - a ring of ice
 G - a ring of magical power (right hand)
Wands
 r - a wand of flame (15)
 x - a wand of acid (11)
 z - a wand of digging (1)
 F - a wand of paralysis (8)
Scrolls
 f - a scroll of amnesia {unknown}
 g - a scroll of silence
 h - 2 scrolls of blinking
 k - a scroll of torment {unknown}
 n - 3 scrolls of teleportation
 q - a scroll of butterflies
 t - 3 scrolls of identify
 u - 3 scrolls of fear
 v - a scroll of fog {unknown}
 y - a scroll of poison {unknown}
 C - a scroll of revelation {unknown}
 E - a scroll of immolation {unknown}
Potions
 b - a potion of magic
 d - 2 potions of ambrosia
 i - a potion of enlightenment
 j - 4 potions of curing
 p - a potion of invisibility
 B - a potion of haste
 D - a potion of attraction
 I - 2 potions of degeneration {unknown}


   Skills:
 + Level 4.6 Fighting
 - Level 4.3 Maces & Flails
 - Level 1.5 Dodging
 - Level 2.1 Stealth
 + Level 6.6 Spellcasting
 + Level 6.7 Conjurations
 + Level 9.0 Earth Magic
 + Level 2.2 Evocations


You had 17 spell levels left.
You knew the following spells:

 Your Spells              Type           Power      Damage    Failure   Level
a - Sandblast             Erth           80%        2d17      1%          1
b - Stone Arrow           Conj/Erth      72%        3d11      1%          3

Your spell library contained the following spells:

 Spells                   Type           Power      Damage    Failure   Level
 Foxfire                  Conj/Fire      76%        2x1d7     2%          1
 Passwall                 Erth           40%        N/A       1%          3
 Brom's Barrelling Bould  Conj/Erth      36%        2d6       4%          4
 Summon Small Mammal      Summ           24%        N/A       11%         1
 Petrify                  Alch/Erth      23%        N/A       16%         4
 Call Canine Familiar     Summ           6%         N/A       32%         3
 Inner Flame              Hex/Fire       6%         N/A       32%         3
 Ozocubu's Armour         Ice            6%         N/A       32%         3
 Summon Blazeheart Golem  Fire/Summ      6%         N/A       71%         4
 Metabolic Englaciation   Hex/Ice        3%         N/A       96%         5
 Sculpt Simulacrum        Ice/Alch       3%         N/A       100%        6
 Enfeeble                 Hex            3%         N/A       100%        7
 Disjunction              Tloc           3%         N/A       100%        8


Dungeon Overview and Level Annotations

Branches:
Dungeon (8/15)             Temple (0/1) D:6
   Lair: D:8-11

Altars:
Cheibriados
Makhleb
Qazlal
Sif Muna
Vehumet
Wu Jian
Yredelemnul
Zin

Shops:
D:4 **

Portals:
Abyss: D:7

Annotations:
D:6 3 runed translucent doors, CapUranus's ghost, novice GrFi
D:7 2 transporters, lasso's ghost, novice OpSh
D:8 Peloso's ghost, journeyman MiFi


Innate Abilities, Weirdness & Mutations

You are immune to sickness and miasma.
Your stone body is resilient. (AC +6)
You are immune to poison.
You resist negative energy. (rN+)
You are resistant to electric shocks. (rElec)
You are resistant to unholy torment.
You are immune to petrification.


Message History

The wyvern resists with significant effort.
Aiming: Paralyse
Press: ? - help, Shift-Dir - straight line, f/p - wyvern
Aim: a wyvern (lightly wounded, chance to affect: 54%)
The wyvern suddenly stops moving!
You feel much better.
The helpless wyvern fails to defend itself.
You bludgeon the wyvern!!
The wyvern is severely wounded.
Peloso's ghost holds its blade at the ready.
The helpless wyvern fails to defend itself.
You hit the wyvern.
The wyvern is severely wounded.
The helpless wyvern fails to defend itself.
You hit the wyvern.
The wyvern is almost dead.
The helpless wyvern fails to defend itself.
You hit the wyvern.
You kill the wyvern!
Vehumet accepts your kill.
Your Earth Magic skill increases to level 9!
You hit Peloso's ghost but do no damage.
Peloso's ghost is lightly damaged.
Peloso's ghost hits you! Peloso's ghost burns you.
You hit Peloso's ghost.
Peloso's ghost convulses.
Peloso's ghost is lightly damaged.
Peloso's ghost hits you! Peloso's ghost burns you.
You fade into invisibility!
Peloso's ghost hits you!
* * * LOW HITPOINT WARNING * * *
Peloso's ghost burns you.
* * * LOW HITPOINT WARNING * * *
You feel much better. Peloso's ghost hits you. Peloso's ghost burns you.
Okay, then.
You feel very mighty all of a sudden. Peloso's ghost hits you!
* * * LOW HITPOINT WARNING * * *
You are confused.
You feel invigorated. Peloso's ghost hits you!
You die...

#.# ## #.# ######
.# ..# #.###..#$♣#
.# #.# #.##..§'(8#
.# ###.#
#.#.W..#.♣# .#
...#.##.#.######
.# #..#..........#
.#
#..####.########.#
.#
#..##......W@....#
.#
#.....#.##########
.# #.#......# .#
#.#####...... .#
#.# ##.#### .# #.#
... .####.# ####
......# .####.#


You could see Peloso's ghost (unable to see you).

Vanquished Creatures
  Prince Ribbit (D:8)
  A wyvern (D:8)
  Sigmund (D:2)
  A steam dragon (D:7)
  Duvessa (D:7)
  A water moccasin (D:5)
  An ice beast (D:5)
  A sky beast (D:7)
  3 black bears
  3 ogres
  A centaur (D:6)
  A phantom (D:7)
  A bullfrog (D:8)
  2 scorpions
  A gnoll sergeant (D:7)
  Dowan (D:7)
  5 killer bees (D:8)
  9 orc priests
  3 jellies
  A bombardier beetle (D:6)
  Crazy Yiuf (D:4)
  3 iguanas
  Ijyb (D:5)
  6 orc wizards
  4 gnolls (D:7)
  7 adders
  A white imp (D:6)
  4 ufetubi
  3 dart slugs
  2 ribbon worms
  32 orcs
  2 bats
  9 endoplasms
  2 giant cockroaches
  5 goblins
  7 hobgoblins
  5 jackals
  7 quokkas
  3 ball pythons
  4 frilled lizards
  8 kobolds
  5 rats
160 creatures vanquished.

Notes
Turn   | Place    | Note
-------+----------+-------------------------------------------
     0 | D:1      | Ijustatesigmund the Gargoyle Earth Elementalist began the
                  | quest for the Orb.
     0 | D:1      | Reached XP level 1. HP: 10/10 MP: 3/3
   254 | D:1      | Got the Grimoire of Topological Execration
   295 | D:1      | Reached XP level 2. HP: 15/16 MP: 3/5
   338 | D:1      | Reached skill level 1 in Fighting
   406 | D:1      | Reached skill level 4 in Earth Magic
   605 | D:1      | You fall into a shaft and drop 1 floor!
   902 | D:2      | Reached XP level 3. HP: 20/20 MP: 2/6
   958 | D:2      | Noticed Sigmund
   962 | D:2      | Killed Sigmund
   963 | D:2      | Reached skill level 5 in Earth Magic
   963 | D:2      | Reached XP level 4. HP: 20/28 MP: 2/8
   963 | D:2      | Reached XP level 5. HP: 23/32 MP: 2/9
  1163 | D:2      | Learned a level 3 spell: Stone Arrow
  1222 | D:2      | Found a faded altar of an unknown god.
  1550 | D:2      | Noticed a black bear
  1564 | D:2      | Killed a black bear
  1565 | D:2      | Reached XP level 6. HP: 35/37 MP: 6/11
  2487 | D:3      | Identified 2 scrolls of acquirement
  2542 | D:3      | Acquired 953 gold pieces
  2546 | D:3      | Acquired the +0 pair of boots "Coggo" {rF+ rN+}
  2704 | D:3      | Reached skill level 6 in Earth Magic
  2766 | D:3      | Reached XP level 7. HP: 41/41 MP: 9/13
  2799 | D:3      | Found a burning altar of Makhleb.
  2996 | D:4      | Reached skill level 1 in Maces & Flails
  3176 | D:4      | Found Cutzew's General Store.
  3178 | D:4      | Found Heun's Specific Store.
  3186 | D:4      | Bought a scroll of blinking for 97 gold pieces
  3186 | D:4      | Bought a potion of invisibility for 104 gold pieces
  3186 | D:4      | Bought a scroll of identify for 26 gold pieces
  3726 | D:4      | Found a runed translucent door.
  3727 | D:4      | Noticed Crazy Yiuf
  3732 | D:4      | Killed Crazy Yiuf
  3876 | D:5      | Entered Level 5 of the Dungeon
  3918 | D:5      | Found a snail-covered altar of Cheibriados.
  4054 | D:5      | Reached XP level 8. HP: 46/46 MP: 11/15
  4137 | D:5      | Noticed Ijyb
  4306 | D:5      | Reached skill level 5 in Spellcasting
  4306 | D:5      | Reached skill level 7 in Earth Magic
  4368 | D:5      | Killed Ijyb
  5100 | D:5      | Found a glowing silver altar of Zin.
  5418 | D:6      | Found a radiant altar of Vehumet.
  5422 | D:6      | Became a worshipper of Vehumet
  6499 | D:6      | Found a stormy altar of Qazlal.
  6521 | D:6      | Found a staircase to the Ecumenical Temple.
  6571 | D:6      | Reached skill level 5 in Conjurations
  6963 | D:7      | Noticed Dowan
  6964 | D:7      | Noticed Duvessa
  6983 | D:7      | Reached XP level 9. HP: 24/50 MP: 17/17
  7493 | D:7      | Reached skill level 8 in Earth Magic
  7787 | D:7      | Found a transporter.
  7789 | D:7      | Found a one-way gate to the infinite horrors of the Abyss.
  7789 | D:7      | Noticed lasso's ghost (novice OpSh)
  7838 | D:7      | Found a transporter.
  7840 | D:7      | Noticed a harpy
  7969 | D:7      | Killed Dowan
  7969 | D:7      | Reached * piety under Vehumet
  7969 | D:7      | Offered knowledge of Foxfire by Vehumet.
  7973 | D:7      | Killed Duvessa
  8253 | D:7      | a raiju changed into a black mamba
  8253 | D:7      | Noticed a black mamba (shapeshifter)
  8714 | D:7      | Reached skill level 1 in Evocations
  8986 | D:6      | Found a runed translucent gate.
  8987 | D:6      | Found a runed translucent gate.
  8988 | D:6      | Found a runed translucent gate.
  8989 | D:6      | Noticed CapUranus's ghost (novice GrFi)
  8990 | D:6      | Noticed a spectral unseen horror
  9093 | D:6      | Found a shimmering blue altar of Sif Muna.
  9102 | D:6      | Found a basalt altar of Yredelemnul.
  9232 | D:8      | Noticed Prince Ribbit
  9240 | D:8      | Killed Prince Ribbit
  9375 | D:8      | Found an ornate altar of the Wu Jian Council.
  9827 | D:8      | Found a runed translucent door.
  9828 | D:8      | Noticed Peloso's ghost (journeyman MiFi)
  9854 | D:8      | Reached skill level 9 in Earth Magic
  9859 | D:8      | Slain by Peloso's ghost

Illustrated notes

Levels and vault maps discovered:
D:1:      saegor_arrival_simple_a, layout_basic
D:2:      layout_loops_ring, chequers_ecumenical_altar_twisty,
          chequers_serial_rivers_large_b, uniq_sigmund
D:3:      cheibrodos_pilgrimage, layout_rooms, lemuel_coloured_pillars_altar
D:4:      layout_cave_pools, nicolae_specific_store, minmay_joined_circles,
          uniq_crazy_yiuf_cottage
D:5:      layout_basic, lemuel_tele_altar, cheibriados_altar_1,
          item_on_display_a, uniq_ijyb
D:6:      layout_cave_pools, nicolae_overflow_quartered_altars,
          minmay_temple_entry_arrows, gammafunk_ghost_necromancy
D:7:      layout_cave_pods, gammafunk_ghost_abyssal_escape,
          nicolae_benzene_ring, amethyst_killhole, uniq_duvessa
D:8:      layout_basic, nicolae_wu_jian_wuxing_cycle, gammafunk_ghost_grave,
          nicolae_concentric_dashed_squares_mild,
          eino_small_chamber_without_monster, serial_bayou_crossing,
          uniq_prince_ribbit1, uniq_pikel, uniq_maurice, uniq_erica

Skill      XL: |  1  2  3  4  5  6  7  8  9 |
---------------+----------------------------+-----
Fighting       | 1 3 4 |  4.6
Earth Magic    | 4 5 6 7 9 |  9.0
Spellcasting   | 3 4 5 6 |  6.6
Conjurations   | 2 4 5 6 |  6.7
Maces & Flails | 2 4 |  4.3
Evocations     | 2 |  2.2
Dodging        | |  1.5
Stealth        | |  2.1

Action                     |  1- 3 |  4- 6 |  7- 9 || total
---------------------------+-------+-------+-------++-------
  Melee: Spear             |    17 |    22 |       ||    39
         Punch             |     1 |     1 |     2 ||     4
         Mace              |       |       |    24 ||    24
         Flail             |       |       |   142 ||   142
   Cast: Sandblast         |    21 |    54 |   124 ||   199
         Stone Arrow       |       |       |    41 ||    41
  Evoke: Wand              |       |       |     6 ||     6
    Use: Scroll            |       |     4 |    12 ||    16
         Potion            |       |       |     6 ||     6
   Stab: Sleeping          |     1 |       |     2 ||     3
         Paralysed         |       |       |     4 ||     4
 Armour: Robe              |     9 |    25 |   242 ||   276
  Dodge: Dodged            |     7 |    23 |   179 ||   209
